 Dungeon Crawl Stone Soup version 0.23-a0-625-g1d2cd9b (webtiles) character file.

65114 TheGoonsmith the Severer (level 15, -5/132 HPs)
             Began as a Hill Orc Fire Elementalist on Dec 24, 2018.
             Was the Champion of Cheibriados.
             Killed by divine providence
             ... invoked by a smoke demon
             ... summoned by an orc high priest
              (9 damage)
             ... on level 2 of the Orcish Mines.
             The game lasted 00:59:30 (26006 turns).

TheGoonsmith the Severer (HOFE)                    Turns: 26006, Time: 00:59:31

Health: -5/132     AC: 21    Str: 29      XL:     15   Next: 15%
Magic:  2/31       EV: 12    Int: 31 (32) God:    Cheibriados [******]
Gold:   1836       SH:  3    Dex: 26      Spells: 15/28 levels left

rFire    . . .     SeeInvis .   R - +6 battleaxe (distort)
rCold    . . .     Gourm    .   (shield currently unavailable)
rNeg     + . .     Faith    .   I - +2 chain mail {rN+}
rPois    .         Spirit   .   v - +1 helmet
rElec    .         Reflect  +   h - +0 cloak
rCorr    .         Harm     .   L - +0 pair of gloves
MR       +....                  Q - +0 pair of boots
Stlth    ..........             q - +3 amulet of reflection
HPRegen  0.32/turn              G - +2 ring of evasion
MPRegen  0.22/turn              C - ring of magical power

@: very slow
A: low mp 1, weak 1, MP-powered wands
a: Bend Time, Temporal Distortion, Slouch, Step From Time, Renounce Religion


You were on level 2 of the Orcish Mines.
You worshipped Cheibriados.
Cheibriados was exalted by your worship.
You were not hungry.

You visited 4 branches of the dungeon, and saw 19 of its levels.
You also visited: Ossuary.

You collected 1836 gold pieces.

Inventory:

Hand Weapons
 R - a +6 battleaxe of distortion (weapon)
Armour
 h - a +0 cloak (worn)
 v - a +1 helmet (worn)
 I - a +2 chain mail of positive energy (worn)
 L - a +0 pair of gloves (worn)
 Q - a +0 pair of boots (worn)
Jewellery
 d - an uncursed amulet of harm
 q - a +3 amulet of reflection (around neck)
 y - an uncursed ring of fire
 C - a ring of magical power (right hand)
 E - an uncursed ring of protection from magic
 G - a +2 ring of evasion (left hand)
 N - an uncursed ring of see invisible
 P - a +2 ring of protection
Wands
 t - a wand of polymorph (22)
 w - a wand of iceblast (5)
 H - a wand of paralysis (16)
 J - a wand of digging (5)
 T - a wand of acid (7)
Scrolls
 j - 7 scrolls of amnesia
 k - 2 scrolls of fear
 m - 10 scrolls of remove curse
 n - 4 scrolls of teleportation
 r - 11 scrolls of identify
Potions
 e - 3 potions of brilliance
 g - 2 potions of cancellation
 i - 2 potions of mutation
 l - 6 potions of curing
 o - 2 potions of agility
 p - 5 potions of flight
 x - 2 potions of heal wounds
 D - a potion of resistance
 K - a potion of lignification
 S - a potion of ambrosia
Comestibles
 c - 43 rations


   Skills:
 - Level 12.0 Fighting
 + Level 15.5 Axes
 - Level 12.0 Armour
 - Level 1.5 Dodging
 - Level 1.5 Stealth
 - Level 7.0 Spellcasting
 - Level 10.0 Conjurations
 - Level 11.0 Fire Magic
 - Level 8.0 Invocations
 - Level 4.0 Evocations


You had 15 spell levels left.
You knew the following spells:

 Your Spells              Type           Power        Failure   Level  Hunger
a - Flame Tongue          Conj/Fire      #####        1%          1    None
c - Conjure Flame         Conj/Fire      ######..     1%          3    None
f - Fireball              Conj/Fire      ######....   6%          5    ####...
s - Sticky Flame          Conj/Fire      ######..     2%          4    ##.....

Your spell library contained the following spells:

 Spells                   Type           Power        Failure   Level  Hunger
 Magic Dart               Conj           ####         1%          1    None
 Searing Ray              Conj           ######       1%          2    None
 Throw Flame              Conj/Fire      ######       1%          2    None
 Shock                    Conj/Air       ####         2%          1    None
 Iskenderun's Mystic Bla  Conj           ######..     2%          4    ##.....
 Throw Frost              Conj/Ice       #####.       3%          2    None
 Inner Flame              Hex/Fire       #####...     5%          3    None
 Dazzling Spray           Conj/Hex       #####.       6%          3    None
 Static Discharge         Conj/Air       #####...     6%          3    None
 Stone Arrow              Conj/Erth      #####.       6%          3    None
 Apportation              Tloc           ##....       17%         1    None
 Freeze                   Ice            ##..         17%         1    None
 Sandblast                Erth           ##....       17%         1    None
 Summon Butterflies       Summ           ##......     17%         1    None
 Force Lance              Conj/Tloc      #####...     22%         4    ##.....
 Fulminant Prism          Conj/Hex       #####.....   22%         4    ##.....
 Throw Icicle             Conj/Ice       #####...     22%         4    ##.....
 Passwall                 Tmut/Erth      ##......     26%         2    None
 Swiftness                Chrm/Air       ##......     26%         2    None
 Lesser Beckoning         Tloc           ##........   45%         3    None
 Ozocubu's Armour         Chrm/Ice       ##......     45%         3    None
 Tukima's Dance           Hex            ##......     45%         3    None
 Lightning Bolt           Conj/Air       #####.....   52%         5    ####...
 Airstrike                Air            ##........   86%         4    ##.....
 Petrify                  Tmut/Erth      ##......     86%         4    ##.....
 Summon Ice Beast         Ice/Summ       ##......     86%         4    ##.....
 Alistair's Intoxication  Tmut/Pois      ##......     99%         5    ####...
 Lee's Rapid Deconstruct  Erth           ##........   99%         5    ####...
 Invisibility             Hex            ##......     100%        6    ######.


Dungeon Overview and Level Annotations

Branches:
Dungeon (10/15)            Temple (1/1) D:7            Lair (6/6) D:9
 Shoals (0/4) Lair:3        Snake (0/4) Lair:4        Slime (0/5) Lair:5
    Orc (2/2) D:9             Elf (0/3) Orc:2

Altars:
Ashenzari
Cheibriados
Dithmenos
Elyvilon
Fedhas
Gozag
Hepliaklqana
Kikubaaqudgha
Makhleb
Nemelex Xobeh
Okawaru
Qazlal
Ru
Uskayaw
Wu Jian
Yredelemnul
Zin
The Shining One
Beogh
Jiyva

Shops:
D:9 :   Orc:2 *?


Innate Abilities, Weirdness & Mutations

Your magical capacity is low. (-10% MP)
You are weak. (Str -2)
You expend magic power (3 MP) to strengthen your wands.


Message History

The orc high priest mumbles some strange prayers to Beogh.
The orc high priest is healed somewhat.
Casting: Fireball (safe; 6% risk of failure)
Confirm with . or Enter, or press ? or * to list all spells.
Aiming: Fireball (safe; 6% risk of failure)
Press: ? - help, Shift-Dir - straight line The fireball explodes!
The fireball engulfs the orc high priest.
The orc high priest is almost dead.
Casting: Fireball (safe; 6% risk of failure)
Confirm with . or Enter, or press ? or * to list all spells.
Aiming: Flame Tongue (safe; 1% risk of failure)
Press: ? - help, Shift-Dir - straight line, f - orc high priest
Aim: an orc high priest, wielding a +0 dire flail and wearing a +0 ring mail The flame tongue hits the orc high priest.
You kill the orc high priest!
Cheibriados appreciates the change of pace.
The smoke demon gestures at you. Beogh smites you!
You die...

.....###4o)##,,,**,,,** ####.
......###..)#,*,*,,,** ##
.......###..)......**
........###.#...#.#*##
.........###.....#*#.##
..........###...###...#
...........###.###...#####
.........(.(##*##......#.##
.......).))..###@.........##
.......)..(...#............##
.........))..#..............# #
.....)..().................## #
....)...)...........).....## ##
.....................#.#.## ###.
.........3.....).#......#.####...
.................#.........##....
........................#.#....#.


You could see a smoke demon.

Vanquished Creatures
  Gastronok (Lair:1)
  7 hydras
  A catoblepas (Lair:2)
  2 two-headed ogres
  2 orc high priests (Orc:2)
  A sun demon (Orc:2)
  A fire crab (Lair:6)
  3 orc knights (Orc:2)
  Pikel (D:5)
  4 orc sorcerers
  3 black mambas
  6 elephants (Lair:6)
  A centaur zombie (D:10)
  Psyche (D:10)
  A torpor snail (Lair:6)
  An orange demon (Orc:2)
  6 spiny frogs
  3 rime drakes
  A smoke demon (Orc:2)
  A centaur skeleton (D:10)
  5 komodo dragons
  A red devil (Orc:2)
  A queen bee (D:10)
  An ice devil (Orc:2)
  5 trolls
  9 polar bears
  6 raiju (Lair:6)
  9 blink frogs
  8 dream sheep
  3 hippogriffs
  A wyvern (Lair:3)
  36 yaks
  A basilisk (Lair:5)
  2 hungry ghosts
  A neqoxec (Orc:2)
  6 nagas (Lair:4)
  12 water moccasins
  6 wargs
  A soldier ant (D:10)
  11 hell hounds (Lair:6)
  2 ice beasts
  3 porcupines
  13 black bears
  32 orc warriors
  5 phantoms
  4 sky beasts
  9 ogres
  An eye of draining (D:10)
  7 centaurs
  12 wolves (Lair:6)
  12 crocodiles
  2 big kobolds (D:7)
  2 gnoll sergeants (D:7)
  14 bullfrogs
  A water moccasin skeleton (D:8)
  3 scorpions
  A troll zombie (D:9)
  26 killer bees (D:10)
  5 wights (D:7)
  4 electric eels (D:7)
  4 howler monkeys (D:7)
  A crimson imp (D:6)
  2 bullfrog zombies (D:7)
  7 hounds
  4 jellies
  37 orc priests
  3 bullfrog skeletons
  20 orc wizards
  2 iguanas (D:9)
  Terence (D:3)
  8 worker ants
  6 ogre zombies (D:9)
  2 hound skeletons
  14 mummies (Ossuary)
  3 worker ant zombies
  Robin (D:3)
  A howler monkey skeleton (D:8)
  10 gnolls
  15 adders
  3 shadow imps
  3 oozes
  2 adder skeletons
  3 worms
  3 dart slugs
  5 leopard geckos
  81 orcs
  10 bats
  3 bat zombies (D:8)
  4 giant cockroaches
  15 goblins
  16 hobgoblins
  17 jackals
  11 kobolds
  5 quokkas
  3 ball pythons
  6 frilled lizards
  3 gnoll skeletons (Ossuary)
  8 goblin skeletons
  2 goblin zombies (D:9)
  4 hobgoblin skeletons (D:9)
  2 hobgoblin zombies (D:9)
  A jackal skeleton (D:7)
  A jackal zombie (D:7)
  A kobold skeleton (Ossuary)
  A leopard gecko skeleton (D:4)
  4 orc skeletons
  9 orc zombies (D:9)
  A quokka zombie (D:10)
  8 rats
  11 rat skeletons (Ossuary)
  A rat zombie (D:8)
  A plant (Lair:6)
719 creatures vanquished.

Vanquished Creatures (others)
  Urug (Lair:2)
  2 orc knights
  2 elephants (Lair:6)
  A polar bear (Lair:6)
  A merfolk (Lair:3)
  2 yaks (Lair:6)
  A warg (Lair:6)
  An orc warrior (Orc:1)
  A centaur (D:8)
  A wolf (Lair:6)
  An orc wizard (D:5)
  A worker ant zombie (D:5)
  3 orcs
  A jackal (D:5)
  A kobold (D:7)
  17 fungi
  28 plants
65 creatures vanquished.

Grand Total: 784 creatures vanquished

Notes
Turn   | Place    | Note
-------+----------+-------------------------------------------
     0 | D:1      | TheGoonsmith the Hill Orc Fire Elementalist began the quest
                  | for the Orb.
     0 | D:1      | Reached XP level 1. HP: 14/14 MP: 3/3
    85 | D:1      | Reached XP level 2. HP: 20/20 MP: 2/4
   376 | D:1      | Reached XP level 3. HP: 26/26 MP: 3/6
  1036 | D:2      | Reached XP level 4. HP: 33/33 MP: 3/7
  1126 | D:2      | Noticed an ogre
  1131 | D:2      | Killed an ogre
  1131 | D:2      | Reached XP level 5. HP: 20/38 MP: 2/8
  1587 | D:2      | Found an iron altar of Okawaru.
  1741 | D:2      | Found a hazy altar of Hepliaklqana.
  1857 | D:2      | Found a shattered altar of Ashenzari.
  1860 | D:2      | Found a sparkling altar of Nemelex Xobeh.
  1861 | D:2      | Found a stormy altar of Qazlal.
  1997 | D:3      | Learned a level 4 spell: Sticky Flame
  2001 | D:3      | Learned a level 3 spell: Conjure Flame
  2023 | D:3      | Found an ornate altar of the Wu Jian Council.
  2036 | D:3      | Reached XP level 6. HP: 45/45 MP: 3/10
  2059 | D:3      | Reached skill level 5 in Fire Magic
  2262 | D:3      | Noticed Robin
  2282 | D:3      | Killed Robin
  2812 | D:3      | Found a shadowy altar of Dithmenos.
  2821 | D:3      | Noticed Terence
  2828 | D:3      | Killed Terence
  2828 | D:3      | Reached skill level 1 in Fighting
  3323 | D:4      | Found a burning altar of Makhleb.
  3428 | D:4      | Reached XP level 7. HP: 54/57 MP: 5/11
  3533 | D:5      | Entered Level 5 of the Dungeon
  3774 | D:5      | Found a sand-covered staircase.
  3833 | Ossuary  | Entered an ossuary
  4865 | D:5      | Found a glowing silver altar of Zin.
  4899 | D:6      | Reached skill level 5 in Conjurations
  4912 | D:6      | Noticed a +0 hand axe
  4913 | D:6      | Noticed a +0 hand axe
  4914 | D:6      | Found a hide-covered altar of Uskayaw.
  4933 | D:6      | Reached XP level 8. HP: 36/67 MP: 0/12
  5196 | D:7      | Reached skill level 5 in Fighting
  5566 | D:7      | Found a staircase to the Ecumenical Temple.
  5598 | Temple   | Entered the Ecumenical Temple
  5683 | Temple   | Became a worshipper of Cheibriados the Contemplative
  6342 | D:5      | Reached XP level 9. HP: 66/79 MP: 3/13
  6738 | D:5      | Reached skill level 1 in Armour
  6817 | D:5      | Reached * piety under Cheibriados
  6835 | D:5      | Noticed Pikel
  6850 | D:5      | Killed Pikel
  6948 | D:5      | Reached skill level 1 in Invocations
  6951 | D:5      | HP: 4/81 [orc priest/divine providence (11)]
  7303 | D:5      | Reached skill level 1 in Evocations
  7378 | D:6      | Reached skill level 5 in Armour
  7683 | D:6      | Gained mutation: You are weak. (Str -2) [potion of
                  | mutation]
  7683 | D:6      | Gained mutation: Your magical capacity is low. (-10% MP)
                  | [potion of mutation]
  7683 | D:6      | Gained mutation: You expend magic power (3 MP) to
                  | strengthen your wands. [potion of mutation]
  8218 | D:6      | Reached XP level 10. HP: 63/91 MP: 8/13
  8542 | D:7      | Reached ** piety under Cheibriados
  9882 | D:7      | Reached *** piety under Cheibriados
 10810 | D:8      | HP: 4/92 [poisoned by a worker ant]
 11187 | D:8      | Noticed a two-headed ogre
 11197 | D:8      | Killed a two-headed ogre
 11197 | D:8      | Reached skill level 10 in Fighting
 11470 | D:8      | Learned a level 5 spell: Fireball
 11621 | D:8      | Found a white marble altar of Elyvilon.
 12100 | D:8      | Reached **** piety under Cheibriados
 12229 | D:8      | Found an ancient bone altar of Kikubaaqudgha.
 12329 | D:9      | Found a blossoming altar of Fedhas.
 12340 | D:9      | Reached XP level 11. HP: 90/99 MP: 15/15
 12349 | D:8      | Reached skill level 1 in Axes
 12354 | D:8      | Reached skill level 3 in Axes
 12734 | D:9      | Reached skill level 4 in Axes
 12881 | D:9      | Found a staircase to the Lair.
 12903 | D:9      | Found Koirghiph's Book Boutique.
 12994 | D:9      | Reached ***** piety under Cheibriados
 12994 | D:9      | Reached skill level 5 in Axes
 13040 | D:9      | Found a staircase to the Orcish Mines.
 13211 | D:9      | Reached skill level 6 in Axes
 13866 | D:10     | Entered Level 10 of the Dungeon
 13868 | D:10     | Reached skill level 12 in Axes
 13868 | D:10     | Reached XP level 12. HP: 106/106 MP: 16/16
 13893 | D:10     | Noticed a two-headed ogre
 13902 | D:10     | Killed a two-headed ogre
 14299 | D:10     | Noticed Psyche
 14302 | D:10     | Killed Psyche
 14396 | D:10     | Reached ****** piety under Cheibriados
 14407 | D:10     | Reached skill level 5 in Spellcasting
 15427 | Lair:1   | Entered Level 1 of the Lair of Beasts
 15433 | Lair:1   | Noticed an eight-headed hydra
 15439 | Lair:1   | Killed an eight-headed hydra
 15844 | Lair:1   | Noticed Gastronok
 15858 | Lair:1   | Killed Gastronok
 15858 | Lair:1   | Reached skill level 10 in Fire Magic
 15858 | Lair:1   | Reached XP level 13. HP: 97/113 MP: 18/18
 17989 | Lair:2   | Noticed Urug
 17996 | Lair:2   | Killed Urug
 18562 | Lair:3   | Reached skill level 10 in Conjurations
 18795 | Lair:3   | Found a staircase to the Shoals.
 20034 | Lair:4   | Found a staircase to the Snake Pit.
 20658 | Lair:5   | Found a viscous altar of Jiyva.
 20658 | Lair:5   | Found a staircase to the Slime Pits.
 20728 | Lair:5   | Reached skill level 10 in Armour
 21257 | Lair:6   | Entered Level 6 of the Lair of Beasts
 21280 | Lair:6   | Reached XP level 14. HP: 114/121 MP: 12/22
 21593 | Lair:6   | Reached skill level 13 in Axes
 21676 | Lair:6   | Reached skill level 5 in Invocations
 23570 | Orc:1    | Entered Level 1 of the Orcish Mines
 23583 | Orc:1    | Reached skill level 14 in Axes
 23790 | Orc:1    | You fall through a shaft!
 23790 | Orc:2    | Entered Level 2 of the Orcish Mines
 23790 | Orc:2    | Found a roughly hewn altar of Beogh.
 24054 | Orc:2    | Found a roughly hewn altar of Beogh.
 24236 | Orc:1    | Noticed a stone giant
 24850 | Orc:2    | Found Xona's Magic Scroll Shop.
 24855 | Orc:2    | Found Poajamolaf's General Store.
 25273 | Orc:2    | Reached XP level 15. HP: 131/132 MP: 22/22
 25679 | Orc:2    | Found a staircase to the Elven Halls.
 25920 | Orc:2    | Reached skill level 15 in Axes
 25997 | Orc:2    | HP: 6/132 [burnt (6)]
 25998 | Orc:2    | HP: 1/132 [burnt (6)]
 26006 | Orc:2    | Killed from afar by a smoke demon

Vault maps used:
D:1:      giann_bridges, hangedman_decor_clover_reticule
D:2:      overflow_temple_1_default, minitemple, guppyfry_early_orc_mine
D:3:      overflow_temple_1_default, nicolae_overflow_crystal_walls,
          first_ration, minmay_starry_boxes, uniq_terence, uniq_robin
D:4:      makhleb_heckhound_becter
D:5:      minmay_recursive_quarters, zin_statuary, enter_ossuary_2, uniq_pikel
D:6:      dancing_weapons_uskayaw
D:7:      kennysheep_housing_project, minmay_temple_entry_glassed_door,
          kennysheep_big_empty_room, grunt_ogre_cave, serial_bayou_ford_a,
          minmay_statues_item
D:8:      kennysheep_mini, lemuel_zombie_altar_kikubaaqudgha
D:9:      overflow_temple_1_default, erik_lair_orcish_takeover,
          zombieorc2_lemuel, serial_shops, kennysheep_mini_moat,
          basic_loot_grate_trap
D:10:     minmay_fractal_squares_5, uniq_psyche
Temple:   compressed_dpeg_triangle_lava_temple
Lair:1:   statuecave_lemuel, uniq_gastronok
Lair:2:   hibernation_bobbens, uniq_urug
Lair:3:   elwin_shoals_entry_rooms
Lair:4:   minmay_snake_entry_guardpost_medium
Lair:5:   slime_altar_1
Lair:6:   hangedman_lair_caniforms_friends, grunt_megastairs_2
Orc:2:    pf_orc_diabolical, basic_altar, mines1_david
Ossuary:  ossuary_due_small_catacomb

Skill      XL: |  1  2  3  4  5  6  7  8  9 10 11 12 13 14 15 |
---------------+----------------------------------------------+-----
Spellcasting   | 2 3 4 5 7 |  7.0
Conjurations   | 2 3 4 5 6 7 9 10 | 10.0
Fire Magic     | 4 5 6 7 8 10 11 | 11.0
Fighting       | 3 4 7 9 10 12 | 12.0
Armour         | 5 7 8 10 12 | 12.0
Invocations    | 4 8 |  8.0
Evocations     | 3 4 |  4.0
Axes           | 12 14 15 | 15.5
Dodging        | |  1.5
Stealth        | |  1.5

Action                   |  1- 3 |  4- 6 |  7- 9 | 10-12 | 13-15 || total
-------------------------+-------+-------+-------+-------+-------++-------
Melee: Club              |    22 |     6 |       |       |       ||    28
       Long sword        |       |    17 |       |       |       ||    17
       War axe           |       |       |    37 |       |       ||    37
       Flail             |       |       |    39 |    76 |       ||   115
       Battleaxe         |       |       |       |   203 |   418 ||   621
 Cast: Flame Tongue      |    54 |   139 |   278 |   298 |   298 ||  1067
       Sticky Flame      |       |     1 |    12 |    57 |    50 ||   120
       Conjure Flame     |       |       |    11 |     1 |     1 ||    13
       Fireball          |       |       |       |     1 |    82 ||    83
  Use: Scroll            |       |     8 |    16 |     4 |    11 ||    39
       Potion            |       |       |     7 |     2 |     2 ||    11
  Eat: Chunk             |     1 |     8 |    17 |    18 |    30 ||    74
       Ration            |       |       |     2 |       |     2 ||     4
Armor: Robe              |     9 |    15 |    37 |    30 |       ||    91
       Ring mail         |       |       |       |    15 |       ||    15
       Scale mail        |       |       |       |    16 |       ||    16
       Chain mail        |       |       |       |   208 |   329 ||   537
Dodge: Dodged            |    26 |    43 |    85 |   282 |   327 ||   763
Block: Other             |       |       |    20 |    75 |    83 ||   178
       Reflection        |       |       |       |     7 |     5 ||    12
       Rpst.: Long sword |       |     8 |       |       |       ||     8

Table legend:
 A = Non-vault XP
 B = Vault XP
 C = Vault XP percentage of total XP
 D = Non-vault monster count
 E = Vault monster count
 F = Vault count percentage of total count
                 A         B        C        D         E       F
            +---------+---------+-------+---------+---------+-------
      Total |   48324 |   34528 |  41.7 |     435 |     299 |  40.7
            +---------+---------+-------+---------+---------+-------
        D:1 |      41 |       0 |   0.0 |      17 |       0 |   0.0
        D:2 |     198 |      17 |   7.9 |      27 |       7 |  20.6
        D:3 |     194 |      90 |  31.7 |      31 |      19 |  38.0
        D:4 |     184 |      43 |  18.9 |      16 |       1 |   5.9
        D:5 |     733 |     878 |  54.5 |      25 |       6 |  19.4
        D:6 |    1322 |      43 |   3.2 |      21 |       1 |   4.5
        D:7 |    1387 |    1078 |  43.7 |      29 |      30 |  50.8
        D:8 |    2855 |     162 |   5.4 |      29 |       5 |  14.7
        D:9 |     826 |    1000 |  54.8 |      18 |      41 |  69.5
       D:10 |    2910 |    3790 |  56.6 |      29 |      34 |  54.0
     Lair:1 |    6309 |    2297 |  26.7 |      24 |       1 |   4.0
     Lair:2 |    5031 |    1783 |  26.2 |      22 |       2 |   8.3
     Lair:3 |    1984 |     301 |  13.2 |      10 |       1 |   9.1
     Lair:4 |    2246 |     984 |  30.5 |       5 |       6 |  54.5
     Lair:5 |    3152 |       0 |   0.0 |      12 |       0 |   0.0
     Lair:6 |   12874 |   12163 |  48.6 |      43 |      58 |  57.4
      Orc:1 |    4268 |       0 |   0.0 |      35 |       0 |   0.0
      Orc:2 |    1810 |    9625 |  84.2 |      42 |      54 |  56.2
    Ossuary |       0 |     274 | 100.0 |       0 |      33 | 100.0
            +---------+---------+-------+---------+---------+-------
